 Dungeon Crawl Stone Soup version 0.31-a0-728-g01b46875f1 (webtiles) character file.

Game seed: 6673935421352779001

5352 Ekaitz the Zephyrmancer (level 10, -6/56 HPs)
             Began as a Tengu Air Elementalist on Sept 11, 2023.
             Was a Follower of Vehumet.
             Mangled by a two-headed ogre
             ... wielding a +0 giant club
              (20 damage)
             ... on level 9 of the Dungeon.
             The game lasted 00:22:59 (9746 turns).

Ekaitz the Zephyrmancer (Tengu Air Elementalist)    Turns: 9746, Time: 00:23:00

Health: -6/56      AC:  6    Str: 10    XL:     10   Next: 65%
Magic:  0/20       EV: 20    Int: 21    God:    Vehumet [*.....]
Gold:   404        SH:  0    Dex: 16    Spells: 6/21 levels left

rFire   + . .        R - +5 flail "Juass" {venom, Int+4}
rCold   + . .        (no shield)
rNeg    + . .        p - +2 robe {rN+}
rPois   +            (helmet restricted)
rElec   .            A - +0 cloak
rCorr   .            j - +0 pair of gloves
SInv    +            (boots unavailable)
Will    .....        P - amulet "Goafoppo" {Spirit rPois rF+ SInv}
Stlth   ++           E - ring of protection from cold
HPRegen 0.29/turn    (no ring)
MPRegen 0.17/turn

%: acrobat, guardian spirit
@: flying, studying Dodging
A: beak, talons 3, evasive flight, acrobatic
a: Renounce Religion


You were on level 9 of the Dungeon.
You worshipped Vehumet.
Vehumet was aware of your devotion.
You visited 2 branches of the dungeon, and saw 10 of its levels.
You also visited: Ossuary.

You collected 404 gold pieces.

Inventory:

Hand Weapons
 t - a +2 hand axe of electrocution
 y - a +1 flail of protection
 G - a +5 flail
 J - a +4 trident of draining
 M - a +2 dagger of freezing
 R - the +5 flail "Juass" (weapon) {venom, Int+4}
   (You found it on level 7 of the Dungeon)

   Int+4:     It affects your intelligence (+4).
Missiles
 n - a throwing net
 s - 4 datura-tipped darts
 T - 20 poisoned darts
Armour
 a - +0 steam dragon scales
 j - a +0 pair of gloves (worn)
 p - a +2 robe of positive energy (worn)
 A - a +0 cloak (worn)
 K - an orb of mayhem
Jewellery
 E - a ring of protection from cold (left hand)
 P - the amulet "Goafoppo" (around neck) {Spirit rPois rF+ SInv}
   (You found it on level 7 of the Dungeon)

   [amulet of guardian spirit]

   Spirit:    It causes incoming damage to be divided between your reserves of
   health and magic.
   rF+:       It protects you from fire.
   rPois:     It protects you from poison SInv: It lets you see invisible.
Wands
 w - a wand of flame (11)
 I - a wand of paralysis (20)
 O - a wand of light (10)
Scrolls
 b - a scroll of noise {unknown}
 c - 6 scrolls of identify {unknown}
 f - 3 scrolls of immolation {unknown}
 g - 2 scrolls of revelation {unknown}
 k - a scroll of enchant weapon {unknown}
 l - 5 scrolls of teleportation {unknown}
 m - 3 scrolls of fear {unknown}
 v - 2 scrolls of enchant armour {unknown}
 z - a scroll of torment {unknown}
 F - a scroll of poison {unknown}
 H - a scroll of amnesia {unknown}
Potions
 d - a potion of invisibility {unknown}
 e - a potion of curing {unknown}
 h - 4 potions of heal wounds {unknown}
 i - a potion of attraction {unknown}
 o - 3 potions of cancellation {unknown}
 q - 3 potions of haste {unknown}
 r - 4 potions of enlightenment {unknown}
 u - a potion of ambrosia {unknown}
 x - 2 potions of mutation {unknown}
 L - 2 potions of might {unknown}
 N - a potion of degeneration {unknown}
 Q - a potion of berserk rage {unknown}
 S - a potion of lignification {unknown}


   Skills:
 + Level 3.3 Fighting
 + Level 1.2(1.5) Axes
 + Level 1.2(1.5) Maces & Flails
 * Level 8.5 Dodging
 + Level 3.4 Stealth
 + Level 0.1 Unarmed Combat
 + Level 6.2 Spellcasting
 + Level 6.6 Conjurations
 * Level 3.5 Translocations
 * Level 4.6 Fire Magic
 * Level 12.0 Air Magic


You had 6 spell levels left.
You knew the following spells:

 Your Spells              Type           Power      Damage    Failure   Level
a - Shock                 Conj/Air       100%       1d9       1%          1
b - Static Discharge      Conj/Air       90%        2-6/arc   1%          2
c - Swiftness             Air            54%        N/A       1%          3
d - Airstrike             Air            27%        2d(4-20)  1%          4
k - Blink                 Tloc           42%        N/A       3%          2
v - Volatile Blastmotes   Fire/Tloc      46%        2d13      5%          3

Your spell library contained the following spells:

 Spells                   Type           Power      Damage    Failure   Level
 Magic Dart               Conj           100%       1d8       1%          1
 Dazzling Flash           Conj/Hex       40%        N/A       8%          3
 Summon Small Mammal      Summ           24%        N/A       10%         1
 Flame Wave               Conj/Fire      30%        2d9       10%         4
 Sticky Flame             Conj/Fire      30%        2d5       10%         4
 Inner Flame              Hex/Fire       16%        N/A       11%         3
 Iskenderun's Mystic Bla  Conj/Tloc      27%        2d7       12%         4
 Ignite Poison            Fire/Tmut/Pois 12%        N/A       16%         3
 Manifold Assault         Tloc           21%        N/A       22%         4
 Call Canine Familiar     Summ           6%         N/A       28%         3
 Frozen Ramparts          Ice            12%        1d2       28%         3
 Summon Guardian Golem    Hex/Summ       6%         N/A       28%         3
 Tukima's Dance           Hex            6%         N/A       28%         3
 Dimensional Bullseye     Hex/Tloc       7%         N/A       41%         4
 Petrify                  Tmut/Erth      6%         N/A       67%         4
 Starburst                Conj/Fire      15%        6d6       83%         6
 Metabolic Englaciation   Hex/Ice        3%         N/A       95%         5
 Maxwell's Capacitive Co  Air            27%        ∞         99%         8
 Ignition                 Fire           12%        3d6       100%        8


Dungeon Overview and Level Annotations

Branches:
Dungeon (8/15)             Temple (1/1) D:5         Ossuary (visited)
   Lair: D:8-11

Altars:
Cheibriados
Dithmenos
Elyvilon
Fedhas
Gozag
Hepliaklqana
Kikubaaqudgha
Nemelex Xobeh
Ru
Sif Muna
Trog
Uskayaw
Vehumet
Wu Jian
Yredelemnul

Annotations:
D:7 1 runed translucent door, ShadowTiger's ghost, novice HuFi
D:9 1 transporter


Innate Abilities, Weirdness & Mutations

You have a beak for a mouth.
You have claws for feet.
Your magical flight helps you evade attacks. (EV +4)
You can magically evade attacks while moving or waiting.


Message History

The air twists around and strikes the two-headed ogre!
The two-headed ogre is heavily wounded.
Unknown command.
Casting: Airstrike (dangerous; 1% risk of failure)
Confirm with . or Enter, or press ? or * to list all spells.
The two-headed ogre is struck by an arc of lightning.
The two-headed ogre is heavily wounded.
You are struck by an arc of lightning.
The two-headed ogre is struck by an arc of lightning.
The two-headed ogre is severely wounded.
The lightning grounds out.
The two-headed ogre barely misses you. The two-headed ogre misses you.
Casting: Static Discharge (safe; 1% risk of failure)
Confirm with . or Enter, or press ? or * to list all spells.
The two-headed ogre is struck by an arc of lightning.
The two-headed ogre is severely wounded.
You are struck by an arc of lightning.
The lightning grounds out.
Unknown command.
Casting: Static Discharge (safe; 1% risk of failure)
Confirm with . or Enter, or press ? or * to list all spells.
The two-headed ogre is struck by an arc of lightning!
The two-headed ogre is almost dead.
You are struck by an arc of lightning.
The lightning grounds out.
The two-headed ogre hits you with a +0 giant club!!
The two-headed ogre hits you with a +0 giant club!
Casting: Static Discharge (safe; 1% risk of failure)
Confirm with . or Enter, or press ? or * to list all spells.
You don't know that spell.
Casting: Static Discharge (safe; 1% risk of failure)
Confirm with . or Enter, or press ? or * to list all spells.
The two-headed ogre is struck by an arc of lightning.
The two-headed ogre is almost dead.
You are struck by an arc of lightning.
The two-headed ogre is struck by an arc of lightning.
The two-headed ogre is almost dead.
You are struck by an arc of lightning.
* * * LOW HITPOINT WARNING * * *
The lightning grounds out.
The two-headed ogre closely misses you.
The two-headed ogre hits you with a +0 giant club!!
You die...

.#####..........[.......
.# #............#####.
.# #............# .#
#............# .#
##'#######'#.#
.######.#######.#.#
................#[#
#######.#########.###'##
#.........@O......
############......
...... ...... ... ##


You could see a two-headed ogre.

Vanquished Creatures
  A two-headed ogre (D:4)
  Pikel (D:6)
  Jeremiah (D:6)
  Grinder (D:5)
  Sigmund (D:2)
  Menkaure (D:5)
  2 steam dragons (D:8)
  Edmund (D:5)
  A water moccasin (D:8)
  2 orc warriors (D:6)
  A sky beast (D:8)
  An ice beast (D:6)
  2 black bears
  3 ogres
  A centaur (D:8)
  3 phantoms
  2 kobold brigands (D:8)
  5 bullfrogs
  A scorpion (D:5)
  5 wights
  5 killer bees (D:7)
  3 centaur zombies (Ossuary)
  4 jellies
  2 hounds
  2 orc priests (D:8)
  Jessica (D:2)
  Terence (D:2)
  3 iguanas
  12 orc wizards
  6 mummies (Ossuary)
  6 adders
  4 gnolls (D:2)
  A white imp (D:6)
  An ufetubus (D:6)
  A worm (D:4)
  3 dart slugs
  27 orcs
  3 bats
  4 endoplasms
  3 giant cockroaches
  A goblin (D:1)
  7 hobgoblins
  8 quokkas
  5 ball pythons
  3 frilled lizards
  3 hobgoblin zombies (Ossuary)
  6 kobolds
  3 rats (D:2)
164 creatures vanquished.

Notes
Turn   | Place    | Note
-------+----------+-------------------------------------------
     0 | D:1      | Ekaitz the Tengu Air Elementalist began the quest for the
                  | Orb.
     0 | D:1      | Reached XP level 1. HP: 10/10 MP: 4/4
   139 | D:1      | Reached XP level 2. HP: 15/15 MP: 0/6
   142 | D:1      | Learned a level 2 spell: Static Discharge
  1156 | D:2      | Reached XP level 3. HP: 16/19 MP: 1/7
  1162 | D:2      | Learned a level 3 spell: Swiftness
  1245 | D:2      | Noticed Sigmund
  1296 | D:2      | Reached XP level 4. HP: 9/24 MP: 3/9
  1589 | D:2      | Noticed Jessica
  1595 | D:2      | Killed Jessica
  1596 | D:2      | Reached skill level 5 in Air Magic
  1721 | D:2      | Noticed Terence
  1732 | D:2      | Killed Terence
  1920 | D:2      | Reached XP level 5. HP: 28/28 MP: 4/10
  1925 | D:2      | Learned a level 4 spell: Airstrike
  2287 | D:3      | Found an ornate altar of the Wu Jian Council.
  2607 | D:3      | Found a shimmering blue altar of Sif Muna.
  2826 | D:4      | Reached skill level 1 in Fighting
  2946 | D:4      | Found a sacrificial altar of Ru.
  2992 | D:4      | Noticed a phantom
  3017 | D:4      | Killed a phantom
  3018 | D:4      | Reached XP level 6. HP: 24/34 MP: 0/12
  3352 | D:4      | Noticed a two-headed ogre
  3370 | D:4      | Reached skill level 6 in Air Magic
  3457 | D:2      | Killed Sigmund
  3458 | D:2      | Gained mutation: Your magical flight helps you evade
                  | attacks. (EV +4) [Tengu growth]
  3458 | D:2      | Reached XP level 7. HP: 16/40 MP: 3/13
  3472 | D:2      | Learned a level 2 spell: Blink
  4099 | D:4      | Killed a two-headed ogre
  4100 | D:4      | Reached skill level 1 in Translocations
  4100 | D:4      | Reached skill level 7 in Air Magic
  4100 | D:4      | Reached XP level 8. HP: 45/45 MP: 1/15
  4105 | D:4      | Learned a level 3 spell: Volatile Blastmotes
  4339 | D:5      | Entered Level 5 of the Dungeon
  4346 | D:5      | Reached skill level 8 in Air Magic
  4444 | D:5      | Noticed Grinder
  4521 | D:5      | Found a shadowy altar of Dithmenos.
  4695 | D:5      | Reached skill level 1 in Fire Magic
  4752 | D:5      | Noticed Menkaure
  4755 | D:5      | Killed Menkaure
  4759 | D:5      | Noticed Edmund
  4828 | D:5      | Killed Edmund
  4829 | D:5      | Reached skill level 5 in Dodging
  4829 | D:5      | Reached skill level 9 in Air Magic
  5009 | D:5      | Reached skill level 5 in Spellcasting
  5175 | D:5      | Killed Grinder
  5176 | D:5      | Reached skill level 1 in Axes
  5176 | D:5      | Reached XP level 9. HP: 17/51 MP: 6/17
  5358 | D:5      | Reached skill level 5 in Conjurations
  5495 | D:5      | Found a staircase to the Ecumenical Temple.
  5499 | Temple   | Entered the Ecumenical Temple
  6023 | D:6      | Noticed Jeremiah
  6027 | D:6      | Killed Jeremiah
  6028 | D:6      | Reached skill level 10 in Air Magic
  6143 | D:6      | Noticed Pikel
  6162 | D:6      | Killed Pikel
  6163 | D:6      | Reached XP level 10. HP: 40/56 MP: 5/19
  6310 | D:6      | Reached skill level 11 in Air Magic
  6815 | D:7      | Identified the amulet "Goafoppo" {Spirit rPois rF+ SInv}
  7111 | D:7      | Found a runed translucent door.
  7265 | D:7      | Noticed ShadowTiger's ghost (novice HuFi)
  7358 | D:7      | Found a radiant altar of Vehumet.
  7364 | D:7      | Found an ancient bone altar of Kikubaaqudgha.
  7366 | D:7      | Found a basalt altar of Yredelemnul.
  7369 | D:7      | Identified the +5 flail "Juass" {venom, Int+4}
  7372 | D:7      | Became a worshipper of Vehumet
  7629 | D:7      | Found a hazy altar of Hepliaklqana.
  8488 | D:8      | Found a sand-covered staircase.
  8638 | Ossuary  | Entered an ossuary
  8644 | Ossuary  | Reached * piety under Vehumet
  8644 | Ossuary  | Offered knowledge of Magic Dart by Vehumet.
  8992 | D:8      | Reached skill level 1 in Maces & Flails
  9057 | D:8      | Found a shadowy altar of Dithmenos.
  9134 | D:8      | Reached skill level 12 in Air Magic
  9191 | D:8      | Noticed a centaur warrior
  9191 | D:8      | Noticed a boulder beetle
  9191 | D:8      | Noticed a manticore
  9191 | D:8      | Noticed a gargoyle
  9191 | D:8      | Noticed a five-headed hydra
  9191 | D:8      | Noticed a centaur warrior
  9191 | D:8      | Noticed a skeletal warrior
  9642 | D:8      | You are sucked into a shaft and drop 1 floor!
  9653 | D:9      | Found a transporter.
  9738 | D:9      | Noticed a two-headed ogre
  9746 | D:9      | Mangled by a two-headed ogre

Illustrated notes

Levels and vault maps discovered:
D:1:      dpeg_arrival_erosion, layout_basic
D:2:      layout_basic, uniq_jessica, uniq_terence, uniq_sigmund
D:3:      layout_rooms, lemuel_tele_altar, nzn_wu_jian_contemplation
D:4:      layout_rooms, mainiacjoe_overflow_small_starburst,
          minmay_manual_mandibuliform
D:5:      layout_rooms, nicolae_dithmenos_shadow_blocks, temple_hall_moat,
          st_stairs_14, kennysheep_generic_room_11, uniq_grinder, uniq_edmund,
          uniq_menkaure
D:6:      layout_rooms, minmay_misc_feat_tiny, uniq_pikel, uniq_jeremiah
D:7:      layout_layer_cave, nicolae_overflow_quartered_altars,
          hellmonk_ghost_happy_afterlife, minmay_a_box_with_orc_wizards_in_it
D:8:      minmay_the_grid_octo_triangle [minmay_the_grid_octo_toaster,
          minmay_the_grid_octo_prize_big_c,
          minmay_the_grid_octo_vomiting_pacman], layout_loops_ring,
          nicolae_ossuary_entry_false_entrances
D:9:      layout_basic, nicolae_qazlal_style_of_elements, tso_oasis_becter,
          xom_teletrap_fun, gammafunk_temple_overflow_arena
Temple:   nicolae_temple_great_sept

Skill      XL: |  1  2  3  4  5  6  7  8  9 10 |
---------------+-------------------------------+-----
Spellcasting   | 3 4 5 6 |  6.2
Air Magic      | 5 6 7 9 10 12 | 12.0
Conjurations   | 2 3 4 5 6 |  6.6
Fighting       | 1 2 3 |  3.3
Dodging        | 3 5 6 8 |  8.5
Translocations | 1 2 3 |  3.5
Stealth        | 3 |  3.4
Fire Magic     | 2 3 4 |  4.6
Axes           | 1 |  1.2
Maces & Flails | 1 |  1.2
Unarmed Combat | |  0.1

Action                     |  1- 3 |  4- 6 |  7- 9 | 10-12 || total
---------------------------+-------+-------+-------+-------++-------
  Melee: Unarmed           |     6 |     1 |       |       ||     7
         Kick              |     2 |       |     9 |    12 ||    23
         Peck              |     1 |       |     3 |     6 ||    10
         Hand axe          |       |       |    25 |       ||    25
         Flail             |       |       |       |    30 ||    30
         Punch             |       |       |       |     1 ||     1
   Cast: Shock             |    49 |    84 |   105 |   129 ||   367
         Static Discharge  |     3 |     8 |    12 |    30 ||    53
         Airstrike         |       |       |    17 |    11 ||    28
         Blink             |       |       |     3 |     1 ||     4
         Swiftness         |       |       |     1 |       ||     1
         Volatile Blastmot |       |       |       |     2 ||     2
    Use: Potion            |       |       |       |     1 ||     1
   Stab: Sleeping          |       |       |     1 |     1 ||     2
 Armour: Robe              |     8 |    14 |    27 |    57 ||   106
  Dodge: Dodged            |    14 |    20 |    48 |   124 ||   206

Table legend: (Time is in decaauts)
 A = Elapsed time spent in this place.
 B = Non-inter-level travel time spent in this place.
 C = Inter-level travel time spent in this place.
 D = Time resting spent in this place.
 E = Time spent auto-exploring this place.
 F = Levels seen in this place.
 G = Mean time per level.
                   A        B        C        D        E       F      G
               +--------+--------+--------+--------+--------+-----+--------+
         Total |   9762 |   9423 |    339 |    497 |   7252 |  11 |  887.5 |
       Dungeon |   9408 |   9071 |    337 |    356 |   7122 |   9 | 1045.3 |
        Temple |      9 |      7 |      2 |      0 |      0 |   1 |    9.0 |
       Ossuary |    344 |    344 |      0 |    141 |    130 |   1 |  344.0 |
               +--------+--------+--------+--------+--------+-----+--------+

Top non-repeatable levels by time:
     D:7: 1548 daAuts
     D:2: 1515 daAuts
     D:4: 1285 daAuts
     D:6: 1264 daAuts
     D:5: 1192 daAuts
     D:8: 958 daAuts
     D:1: 859 daAuts
     D:3: 681 daAuts
 Ossuary: 344 daAuts
     D:9: 103 daAuts
  Temple: 9 daAuts
